 Dungeon Crawl Stone Soup version 0.21-a0-193-g085b6a0 (webtiles) character file.

2646 qqqbard the Cudgeler (level 9, -15/55 HPs)
             Began as a Gargoyle Fighter on Aug 14, 2017.
             Was a Believer of the Shining One.
             Demolished by a two-headed ogre
             ... wielding a cursed -2 giant club
              (20 damage)
             ... on level 7 of the Dungeon.
             The game lasted 00:07:19 (5108 turns).

qqqbard the Cudgeler (Gargoyle Fighter)             Turns: 5108, Time: 00:07:21

Health: -15/55     AC: 16    Str: 22    XL:     9   Next: 62%
Magic:  9/9        EV: 10    Int: 10    God:    the Shining One [**....]
Gold:   337        SH: 10    Dex:  9    Spells: 8/8 levels left

rFire    . . .     SeeInvis .   t - +2 whip (elec)
rCold    + . .     Gourm    +   c - +0 shield
rNeg     + + .     Faith    .   b - +0 scale mail
rPois    ∞         Spirit   .   r - +0 helmet
rElec    +         Reflect  .   (no cloak)
rCorr    +         Harm     .   (no gloves)
MR       .....                  y - +0 pair of boots
Stlth    ..........             D - amulet of the gourmand
HPRegen  0.18/turn              v - ring of protection from cold
MPRegen  0.11/turn              H - ring of resist corrosion

@: about to teleport, glowing
A: negative energy resistance 1, electricity resistance, unbreathing,
petrification resistance, rot immunity, AC +5
a: Divine Shield, Renounce Religion


You were on level 7 of the Dungeon.
You worshipped the Shining One.
The Shining One was pleased with you.
You were very full.

You visited 2 branches of the dungeon, and saw 8 of its levels.

You collected 337 gold pieces.

Inventory:

Hand Weapons
 a - a +1 mace of holy wrath
 t - a +2 whip of electrocution (weapon)
 L - a +2 flail of freezing
Armour
 b - a +0 scale mail (worn)
 c - a +0 shield (worn)
 r - a +0 helmet (worn)
 y - a +0 pair of boots (worn)
Jewellery
 v - a ring of protection from cold (left hand)
 D - an amulet of the gourmand (around neck)
 H - a ring of resist corrosion (right hand)
Wands
 B - a wand of polymorph (7/24)
Scrolls
 g - 3 scrolls of random uselessness {unknown}
 h - 11 scrolls of identify
 i - 7 scrolls of teleportation
 j - 2 scrolls of enchant weapon {unknown}
 m - a scroll of immolation {unknown}
 n - a scroll of magic mapping
 s - a scroll of fear {unknown}
 x - a scroll of enchant armour {unknown}
 z - 5 scrolls of remove curse
 C - a scroll of recharging {unknown}
 E - a scroll of noise {unknown}
 G - 2 scrolls of blinking {unknown}
Potions
 d - 3 potions of might
 e - a potion of haste {unknown}
 k - 5 potions of heal wounds {unknown}
 l - 7 potions of curing {unknown}
 p - a potion of lignification {unknown}
 q - 2 potions of cancellation {unknown}
 u - 2 potions of invisibility {unknown}
 F - a potion of mutation {unknown}
 J - 2 potions of degeneration {unknown}
 K - a potion of brilliance {unknown}
 M - 2 potions of magic {unknown}
Comestibles
 f - 3 bread rations
 o - 3 meat rations
 w - 3 royal jellies
 A - 2 fruits


   Skills:
 + Level 6.2 Fighting
 * Level 7.7 Maces & Flails
 + Level 6.7 Armour
 + Level 4.5 Dodging
 + Level 6.3 Shields


You had 8 spell levels left.
You didn't know any spells.

Dungeon Overview and Level Annotations

Branches:
Dungeon (7/15)             Temple (1/1) D:4

Altars:
Cheibriados
Dithmenos
Fedhas
Gozag
Hepliaklqana
Kikubaaqudgha
Nemelex Xobeh
Okawaru
Qazlal
Ru
Sif Muna
Trog
Uskayaw
Vehumet
Wu Jian
Xom
Yredelemnul
Zin
The Shining One

Shops:
D:5 *


Innate Abilities, Weirdness & Mutations

You are resistant to torment.
Your stone body is resilient. (AC +5)
You are immune to poison.
You resist negative energy. (rN+)
You are resistant to electric shocks. (rElec)
You can survive without breathing.
You are immune to petrification.
You are immune to rotting.


Message History

The two-headed ogre hits you with a giant spiked club!
* * * LOW HITPOINT WARNING * * *
There is an open door here.
Found a stone staircase leading down.
There is a stone staircase leading up here.
As you read the scroll labeled QADOAM OQUM TAUK, it crumbles to dust.
You feel blessed for a moment.
It was a scroll of remove curse.
You block the orc wizard's attack. You block the two-headed ogre's attack.
The two-headed ogre misses you.
As you read the scroll labeled COUWEOTW MEXUROI, it crumbles to dust.
You feel aware of your surroundings.
You sensed 1 altar.
It was a scroll of magic mapping.
The orc wizard hits you but does no damage. x2
As you read the scroll labeled FUAZAZ PUO, it crumbles to dust.
You feel strangely unstable.
It was a scroll of teleportation.
The orc wizard hits you but does no damage.
The two-headed ogre hits you with a giant club!
* * * LOW HITPOINT WARNING * * *
The two-headed ogre hits you with a giant spiked club!!
You die...

*,***,,,,,.......#######..####
*,* **,*,,,,,#...'.._..'......
*,****,******#...###.###......
*,,,,,,* #...# #.# #.#####
******,* #<..###'###.# # *,*
#...........# # **
***.#######..##..####.# # ,*
*,,.......Oo....## #.# # ,*
*,*,#####.@..####***#.#* # ,*
*,*,* #.........,,,,,**** ,*
*,*,****#...######***,,,,,, ,*
*,*,**,,>....,,******,***** ,*
*,,,,,,.......,,,,,,*,* ,*
***,**.........,***,*,* ,*
*,*##.#...###.* *,*,* ,* *,*
#.#...# *.#**,*,***** ,* *,*
*,*,,,* *,,,,,,,*,,,,


You could see a two-headed ogre and an orc wizard (invisible).

Vanquished Creatures
  Joseph (D:7)
  Sigmund (D:5)
  A hungry ghost (D:4)
  Menkaure (D:5)
  2 ice beasts (D:5)
  A phantom (D:4)
  4 ogres
  3 centaurs
  A big kobold (D:5)
  A bullfrog (D:5)
  A wyvern zombie (D:7)
  A scorpion (D:4)
  5 wights (D:6)
  3 crimson imps
  A bullfrog zombie (D:5)
  2 orc priests
  3 orc wizards
  A bullfrog skeleton (D:6)
  Terence (D:3)
  A worker ant (D:5)
  A hound zombie (D:5)
  Robin (D:2)
  5 adders
  An ooze (D:2)
  An adder zombie (D:6)
  An adder skeleton (D:5)
  7 worms
  A dart slug (D:3)
  9 leopard geckos
  24 orcs
  3 ball pythons
  8 giant cockroaches
  11 goblins
  12 hobgoblins
  3 jackals
  24 kobolds
  6 quokkas
  5 bats
  4 frilled lizards
  A jackal skeleton (D:5)
  5 rats
168 creatures vanquished.

Notes
Turn   | Place    | Note
-------+----------+-------------------------------------------
     0 | D:1      | qqqbard the Gargoyle Fighter began the quest for the Orb.
     0 | D:1      | Reached XP level 1. HP: 14/14 MP: 1/1
   214 | D:1      | Reached XP level 2. HP: 17/19 MP: 2/2
   538 | D:1      | Reached XP level 3. HP: 23/23 MP: 3/3
   650 | D:1      | Reached skill level 1 in Dodging
  1058 | D:2      | Reached XP level 4. HP: 16/28 MP: 4/4
  1261 | D:2      | Noticed Robin
  1279 | D:2      | Killed Robin
  1515 | D:2      | Found a bloodstained altar of Trog.
  1675 | D:2      | Reached skill level 3 in Maces & Flails
  1857 | D:3      | Reached XP level 5. HP: 32/32 MP: 5/5
  2021 | D:3      | Noticed Terence
  2027 | D:3      | Killed Terence
  2544 | D:4      | Found a staircase to the Ecumenical Temple.
  2588 | Temple   | Entered the Ecumenical Temple
  2631 | Temple   | Became a worshipper of the Shining One
  2775 | D:4      | Noticed a hungry ghost
  2801 | D:4      | Killed a hungry ghost
  2801 | D:4      | Reached skill level 4 in Maces & Flails
  2801 | D:4      | Reached XP level 6. HP: 35/38 MP: 6/6
  2839 | D:4      | Reached XP level 7. HP: 30/43 MP: 7/7
  3318 | D:5      | Entered Level 5 of the Dungeon
  3318 | D:5      | Noticed Menkaure
  3321 | D:5      | Killed Menkaure
  3321 | D:5      | Reached * piety under the Shining One
  3321 | D:5      | Reached skill level 5 in Maces & Flails
  3321 | D:5      | Reached skill level 5 in Armour
  3347 | D:5      | Reached XP level 8. HP: 44/48 MP: 8/8
  3462 | D:5      | Reached skill level 5 in Shields
  3724 | D:5      | Noticed Sigmund
  3763 | D:5      | Killed Sigmund
  3763 | D:5      | Reached skill level 5 in Fighting
  3897 | D:5      | Reached skill level 6 in Maces & Flails
  3936 | D:5      | Found Miurydoc's Assorted Antiques.
  4377 | D:5      | Reached XP level 9. HP: 51/54 MP: 9/9
  4723 | D:6      | Found an opulent altar of Gozag.
  4802 | D:6      | Reached skill level 7 in Maces & Flails
  4893 | D:6      | Reached ** piety under the Shining One
  4918 | D:6      | Found a sacrificial altar of Ru.
  5016 | D:7      | Found an iron altar of Okawaru.
  5036 | D:7      | Noticed Joseph
  5052 | D:7      | Killed Joseph
  5079 | D:7      | Noticed a two-headed ogre
  5108 | D:7      | Demolished by a two-headed ogre

Vault maps used:
D:1:      scummos_arrival_gate
D:2:      trog_book, uniq_robin
D:3:      minmay_diamond_boxcup, uniq_terence
D:4:      temple_doors_e
D:5:      kennysheep_kobold_camp, serial_shops, shop, first_bread,
          uniq_menkaure, uniq_sigmund
D:6:      kennysheep_mini_moat, nicolae_ru_awakened_eye
D:7:      lemuel_doored_altar, basic_altar, uniq_joseph, uniq_pikel
Temple:   minmay_crystal_spiral_temple

Skill      XL: |  1  2  3  4  5  6  7  8  9 |
---------------+----------------------------+-----
Dodging        | 1 2 3 4 |  4.5
Maces & Flails | 3 4 5 6 7 |  7.7
Armour         | 4 5 6 |  6.7
Shields        | 4 5 6 |  6.3
Fighting       | 4 5 6 |  6.2

Action                   |  1- 3 |  4- 6 |  7- 9 || total
-------------------------+-------+-------+-------++-------
Melee: Flail             |   181 |    76 |       ||   257
       Whip              |       |   142 |   205 ||   347
       Mace              |       |       |    55 ||    55
  Use: Scroll            |       |       |     4 ||     4
  Eat: Chunk             |     1 |     6 |    26 ||    33
       Bread ration      |       |     1 |       ||     1
Armor: Scale mail        |   116 |   100 |    91 ||   307
Dodge: Dodged            |    51 |    51 |    90 ||   192
Block: Shield            |   101 |   114 |   100 ||   315
